 Dungeon Crawl Stone Soup version 0.23.2-33-g5129a83184 (webtiles) character file.

Game seed: 316208729263049353

5848 Felnil the Protected (level 10, -2/95 HPs)
             Began as a Minotaur Fighter on Aug 5, 2019.
             Was an Initiate of Elyvilon.
             Slain by a chaos spawn (13 damage)
             ... summoned by an orc sorcerer
             ... on level 2 of the Orcish Mines.
             The game lasted 00:34:58 (7760 turns).

Felnil the Protected (Minotaur Fighter)             Turns: 7760, Time: 00:34:59

Health: -2/95      AC: 16    Str: 24    XL:     10   Next: 51%
Magic:  4/8        EV:  6    Int:  5    God:    Elyvilon [......]
Gold:   521        SH: 12    Dex: 10    Spells: 9/9 levels left

rFire    + + .     SeeInvis .   a - +2 war axe
rCold    x . .     Gourm    .   c - +0 shield
rNeg     . . .     Faith    .   m - +1 plate armour {rF+}
rPois    .         Spirit   .   (helmet restricted)
rElec    .         Reflect  .   (no cloak)
rCorr    .         Harm     .   (no gloves)
MR       .....                  (no boots)
Stlth    ..........             (no amulet)
HPRegen  0.25/turn              t - ring of fire
MPRegen  0.11/turn              y - +1 ring of slaying

@: no status effects
A: retaliatory headbutt, horns 2, rugged brown scales 1, blurry vision 1, low mp
1
a: Renounce Religion


You were on level 2 of the Orcish Mines.
You worshipped Elyvilon.
Elyvilon was noncommittal.
You were not hungry.

You visited 2 branches of the dungeon, and saw 11 of its levels.

You collected 521 gold pieces.

Inventory:

Hand Weapons
 a - a +2 war axe (weapon)
Armour
 b - a +1 scale mail
 c - a +0 shield (worn)
 m - a +1 plate armour of fire resistance (worn)
 r - a +1 chain mail of fire resistance
Jewellery
 t - a ring of fire (left hand)
 u - an uncursed ring of fire
 y - a +1 ring of slaying (right hand)
Wands
 n - a wand of acid (12)
 w - a wand of polymorph (7)
Scrolls
 g - a scroll of enchant armour
 k - 2 scrolls of remove curse
 p - 5 scrolls of amnesia
 q - a scroll of teleportation
Potions
 d - a potion of might
 e - a potion of haste {unknown}
 i - 2 potions of curing {unknown}
 l - a potion of agility
 o - a potion of ambrosia {unknown}
 s - a potion of invisibility {unknown}
Comestibles
 f - 10 rations


   Skills:
 + Level 10.1 Fighting
 + Level 9.8 Axes
 + Level 10.2 Armour
 + Level 10.1 Shields


You had 9 spell levels left.
You didn't know any spells.
Your spell library was empty.

Dungeon Overview and Level Annotations

Branches:
Dungeon (9/15)                Orc (2/2) D:9             Elf (0/3) Orc:2
 Temple: D:4-7         Lair: D:8-11

Altars:
Elyvilon
Okawaru
Wu Jian

Shops:
D:7 }


Innate Abilities, Weirdness & Mutations

You reflexively headbutt those who attack you in melee.
You have a pair of horns on your head.
You are partially covered in rugged brown scales. (AC +1, +3% HP)
Scrolls take you a little longer to read.
Your magical capacity is low. (-10% MP)


Message History

You miss the chaos spawn.
The orc sorcerer hits you but does no damage.
The chaos spawn gores you but does no damage.
You completely miss the orc sorcerer.
The orc sorcerer is moderately wounded.
You hit the chaos spawn but do no damage.
The orc sorcerer hits you but does no damage.
The chaos spawn hits you but does no damage.
You closely miss the orc sorcerer. You headbutt the orc sorcerer!
The orc sorcerer is heavily wounded.
You hit the chaos spawn but do no damage.
The orc sorcerer hits you but does no damage.
The chaos spawn hits you.
* * * LOW HITPOINT WARNING * * *
You feel your power leaking away.
You begin reading the scroll.
You continue reading the scroll.
You block the orc sorcerer's attack. The chaos spawn gores you.
* * * LOW HITPOINT WARNING * * *
The chaos spawn freezes you!
You feel a terrible chill!
You die...

#...###.........
###...##......... ....
$.#...##......... $.....
.##..........######$.....
##..o...#.......#.#......
$#o..#.##.......#.......
.o.o####.##.....#.....##
.o.## ###......)o.....#
...# #.....4@...# ...#
##..†).))..# ..##
###.).).### ... #......#
.... #.....## #.. ##..###
####


You could see a chaos spawn and an orc sorcerer.

Vanquished Creatures
  Pikel (D:8)
  An orc knight (Orc:2)
  A deep elf mage (D:8)
  3 hippogriffs
  A slave (D:8)
  8 orc warriors
  2 ice beasts
  3 black bears
  A hornet zombie (D:7)
  2 phantoms
  A centaur (D:6)
  5 ogres
  2 crocodiles (D:8)
  2 big kobolds
  4 bullfrogs
  2 scorpions
  4 killer bees (D:8)
  4 howler monkeys
  4 crimson imps
  2 jellies
  A centaur zombie (D:8)
  3 hounds
  A bullfrog zombie (D:7)
  6 orc priests
  5 orc wizards
  2 iguanas (D:6)
  6 worker ants
  A hound zombie (D:7)
  3 hound skeletons
  Robin (D:2)
  4 adders
  2 oozes
  2 adder zombies
  An adder skeleton (D:7)
  2 worms (D:2)
  2 dart slugs
  6 leopard geckos
  51 orcs
  5 giant cockroaches
  21 goblins
  10 hobgoblins
  8 jackals
  6 quokkas
  A ball python (D:3)
  8 bats
  2 frilled lizards (D:1)
  A jackal zombie (D:5)
  13 kobolds
  A leopard gecko skeleton (D:6)
  12 rats
240 creatures vanquished.

Vanquished Creatures (others)
  2 slaves (D:8)
  An orc wizard (Orc:1)
  A giant cockroach (D:8)
4 creatures vanquished.

Grand Total: 244 creatures vanquished

Notes
Turn   | Place    | Note
-------+----------+-------------------------------------------
     0 | D:1      | Felnil the Minotaur Fighter began the quest for the Orb.
     0 | D:1      | Reached XP level 1. HP: 19/19 MP: 0/0
    58 | D:1      | Reached XP level 2. HP: 20/27 MP: 1/1
   402 | D:1      | Reached XP level 3. HP: 31/33 MP: 2/2
  1114 | D:2      | Noticed Robin
  1138 | D:2      | Reached XP level 4. HP: 22/40 MP: 3/3
  1152 | D:2      | Killed Robin
  1964 | D:3      | Reached XP level 5. HP: 47/47 MP: 4/4
  3254 | D:5      | Entered Level 5 of the Dungeon
  3257 | D:5      | Reached skill level 5 in Armour
  3277 | D:5      | Reached skill level 5 in Fighting
  3277 | D:5      | Reached skill level 5 in Shields
  3332 | D:5      | Found an ornate altar of the Wu Jian Council.
  3602 | D:5      | Noticed an ogre
  3608 | D:5      | Killed an ogre
  3608 | D:5      | Reached XP level 6. HP: 56/56 MP: 5/5
  4082 | D:6      | Reached skill level 5 in Axes
  4082 | D:6      | Reached XP level 7. HP: 37/62 MP: 6/6
  4387 | D:6      | Found an iron altar of Okawaru.
  4799 | D:7      | Reached XP level 8. HP: 71/71 MP: 7/7
  5125 | D:7      | Found the +7 lajatang of Order {silver, rMut}
  5485 | D:7      | Found Qait's Gadget Shop.
  5528 | D:7      | Noticed a hippogriff
  5537 | D:7      | Killed a hippogriff
  5658 | D:7      | Reached XP level 9. HP: 81/81 MP: 8/8
  5697 | D:8      | Noticed Pikel
  5708 | D:8      | Killed Pikel
  5984 | D:8      | Noticed a deep elf mage
  5997 | D:8      | Killed a deep elf mage
  6360 | D:8      | Found a white marble altar of Elyvilon.
  6363 | D:8      | Became a worshipper of Elyvilon the Healer
  6541 | D:8      | Reached XP level 10. HP: 91/91 MP: 9/9
  6561 | D:8      | Gained mutation: You have a somewhat thin skeletal
                  | structure. (Dex +2, Stealth) [potion of mutation]
  6561 | D:8      | Gained mutation: You evolve. [potion of mutation]
  6562 | D:8      | Lost mutation: You evolve. [potion of mutation]
  6562 | D:8      | Lost mutation: You have a somewhat thin skeletal structure.
                  | (Dex +2, Stealth) [potion of mutation]
  6562 | D:8      | Gained mutation: Scrolls take you a little longer to read.
                  | [potion of mutation]
  6562 | D:8      | Gained mutation: Your magical capacity is low. (-10% MP)
                  | [potion of mutation]
  6562 | D:8      | Gained mutation: You are partially covered in rugged brown
                  | scales. (AC +1, +3% HP) [potion of mutation]
  7018 | D:9      | Identified the +8 plate armour "Qasy" {rC++ rCorr Slay-4}
  7072 | D:9      | Found a staircase to the Orcish Mines.
  7274 | Orc:1    | Entered Level 1 of the Orcish Mines
  7490 | Orc:1    | Reached skill level 10 in Armour
  7583 | Orc:2    | Entered Level 2 of the Orcish Mines
  7583 | Orc:2    | Noticed an orc knight
  7584 | Orc:2    | Found a staircase to the Elven Halls.
  7597 | Orc:2    | Noticed an orc sorcerer
  7604 | Orc:2    | HP: 2/95 [orc knight/+2 battleaxe of freezing (9)]
  7609 | Orc:2    | Noticed a rust devil
  7669 | Orc:2    | Killed an orc knight
  7669 | Orc:2    | Reached skill level 10 in Fighting
  7669 | Orc:2    | Reached skill level 10 in Shields
  7760 | Orc:2    | Slain by a chaos spawn

Skill      XL: |  1  2  3  4  5  6  7  8  9 10 |
---------------+-------------------------------+-----
Armour         | 4 5 6 8 9 10 | 10.2
Shields        | 4 5 6 7 9 10 | 10.1
Fighting       | 4 5 6 7 9 10 | 10.1
Axes           | 3 4 5 6 7 9 |  9.8

Action                   |  1- 3 |  4- 6 |  7- 9 | 10-12 || total
-------------------------+-------+-------+-------+-------++-------
Melee: War axe           |   121 |   130 |   258 |   148 ||   657
       Headbutt          |    19 |    19 |    52 |    33 ||   123
Evoke: Wand              |       |       |       |     5 ||     5
  Use: Scroll            |     3 |    10 |       |     4 ||    17
       Potion            |       |       |     2 |     8 ||    10
  Eat: Chunk             |     1 |     7 |     7 |     4 ||    19
       Ration            |       |     1 |       |       ||     1
Armor: Scale mail        |    66 |    66 |    15 |       ||   147
       Chain mail        |       |       |   105 |    53 ||   158
       Plate armour      |       |       |       |    19 ||    19
       Skin              |       |       |       |     7 ||     7
Dodge: Dodged            |    48 |    36 |    66 |    41 ||   191
Block: Shield            |    68 |    52 |   177 |    94 ||   391
